PAA
SACRAMENTO WHITECAPS @ SPRINGFIELD SHOOTERS
05/05/2021
 
TOP OF THE 1ST
Sacramento Whitecaps batting - Pitching for Springfield Shooters : RHP Jim Unknown
Pitching: RHP Jim Unknown
Batting: RHB Young-hwan Hyon 0-0: Called Strike
0-1: Ball
1-1: SINGLE (Line Drive, 6MD)
Batting: RHB Dan Finch 0-0: Ball
1-0: Ball
Throwing error on steal attempt, E2
Young-hwan Hyon to third
2-0: Foul Ball, location: 2F
2-1: Called Strike
2-2: Foul Ball, location: 2F
2-2: Foul Ball, location: 2F
2-2: Foul Ball, location: 2F
2-2: Strikes out swinging
Batting: LHB Lance Schiffer 0-0: Fly out, F4 (Popup, 3)
Batting: RHB Bill McCarty 0-0: Called Strike
0-1: Foul Ball, location: 2F
0-2: Ball
1-2: Fly out, F7 (Flyball, 7D)
Top of the 1st over - 0 run(s), 1 hit(s), 1 error(s), 1 left on base; Sacramento 0 - Springfield 0
BOTTOM OF THE 1ST
Springfield Shooters batting - Pitching for Sacramento Whitecaps : RHP Jim Unknown
Pitching: RHP Jim Unknown
Batting: RHB Tom Potts 0-0: Bunted foul
0-1: Foul Ball, location: 2F
0-2: Ball
1-2: SINGLE (Line Drive, 8LS)
Batting: RHB Jim Unknown 0-0: Fielders Choice at 2nd, 6-4 (Groundball, 6)
Batting: SHB Jared Jefferson 0-0: Ball
1-0: Called Strike
1-1: Swinging Strike
1-2: Ball
2-2: Ball
3-2: Foul Ball, location: 2F
3-2: Strikes out swinging
Batting: SHB Adrián Pueblo 0-0: Called Strike
0-1: Ball
1-1: Ball
2-1: Fly out, F7 (Flyball, 7LMF)
Bottom of the 1st over - 0 run(s), 1 hit(s), 0 error(s), 1 left on base; Sacramento 0 - Springfield 0
TOP OF THE 2ND
Sacramento Whitecaps batting - Pitching for Springfield Shooters : RHP Jim Unknown
Batting: RHB Tim Little 0-0: Ball
1-0: Ball
2-0: Called Strike
2-1: Ball
3-1: Ground out 4-3 (Groundball, 4)
Batting: LHB Guy Riley 0-0: Ball
1-0: Foul Ball, location: 2F
1-1: Swinging Strike
1-2: Ball
2-2: Strikes out swinging
Batting: RHB Jeffery Campbell 0-0: SINGLE (Groundball, 56)
Batting: LHB Mario Cruz 0-0: Ball
1-0: Ball
2-0: Called Strike
2-1: Ball
3-1: Called Strike
3-2: Ground out 3-1 (Groundball, 34)
Top of the 2nd over - 0 run(s), 1 hit(s), 0 error(s), 1 left on base; Sacramento 0 - Springfield 0
BOTTOM OF THE 2ND
Springfield Shooters batting - Pitching for Sacramento Whitecaps : RHP Jim Unknown
Batting: RHB Randy Galloway 0-0: Foul Ball, location: 2F
0-1: Foul Ball, location: 2F
0-2: Ball
1-2: Ground out 6-3 (Groundball, 6)
Batting: RHB Michael Hicks 0-0: Called Strike
0-1: Called Strike
0-2: Ball
1-2: Fly out, F8 (Flyball, 8LS)
Batting: RHB Bruce Reiser 0-0: Ball
1-0: Called Strike
1-1: Fly out, F3 (Popup, 3L)
Bottom of the 2nd over - 0 run(s), 0 hit(s), 0 error(s), 0 left on base; Sacramento 0 - Springfield 0
TOP OF THE 3RD
Sacramento Whitecaps batting - Pitching for Springfield Shooters : RHP Jim Unknown
Batting: RHB Cullen Spencer 0-0: Ball
1-0: Foul Ball, location: 2F
1-1: Ball
2-1: Ball
3-1: Foul Ball, location: 2F
3-2: Fly out, F8 (Flyball, 8LM)
Batting: RHB Young-hwan Hyon 0-0: Called Strike
0-1: Ball
1-1: SINGLE (Line Drive, 6D)
Batting: RHB Dan Finch 0-0: Ball
1-0: Ball
2-0: Foul Ball, location: 2F
2-1: Ball
3-1: Swinging Strike
3-2: Foul Ball, location: 2F
3-2: Strikes out swinging
Batting: LHB Lance Schiffer 0-0: Swinging Strike
0-1: Ball
1-1: Fly out, F9 (Line Drive, 9S)
Top of the 3rd over - 0 run(s), 1 hit(s), 0 error(s), 1 left on base; Sacramento 0 - Springfield 0
BOTTOM OF THE 3RD
Springfield Shooters batting - Pitching for Sacramento Whitecaps : RHP Jim Unknown
Batting: RHB Bob Wilson 0-0: Ball
1-0: Fly out, F4 (Popup, 4MS)
Batting: SHB Tom Montgomery 0-0: Ball
1-0: Ball
2-0: Foul Ball, location: 2F
2-1: Called Strike
2-2: Foul Ball, location: 2F
2-2: Fly out, F6 (Popup, 6S)
Batting: RHB Tom Potts 0-0: Ball
1-0: Swinging Strike
1-1: Ball
2-1: Foul Ball, location: 2F
2-2: Ground out 5-3 (Groundball, 56S)
Bottom of the 3rd over - 0 run(s), 0 hit(s), 0 error(s), 0 left on base; Sacramento 0 - Springfield 0
TOP OF THE 4TH
Sacramento Whitecaps batting - Pitching for Springfield Shooters : RHP Jim Unknown
Batting: RHB Bill McCarty 0-0: Foul Ball, location: 2F
0-1: Foul Ball, location: 2F
0-2: Ball
1-2: Ground out U3 (Groundball, 3L)
Batting: RHB Tim Little 0-0: Ground out 6-3 (Groundball, 6M)
Batting: LHB Guy Riley 0-0: DOUBLE (Flyball, 7LS)
Batting: RHB Jeffery Campbell 0-0: Ball
1-0: DOUBLE (Line Drive, 89XD)
Guy Riley scores
Batting: LHB Mario Cruz 0-0: Ball
1-0: Foul Ball, location: 2F
1-1: Ground out U3 (Groundball, 3)
Top of the 4th over - 1 run(s), 2 hit(s), 0 error(s), 1 left on base; Sacramento 1 - Springfield 0
BOTTOM OF THE 4TH
Springfield Shooters batting - Pitching for Sacramento Whitecaps : RHP Jim Unknown
Batting: RHB Jim Unknown 0-0: Ball
1-0: Foul Ball, location: 2F
1-1: Fly out, F8 (Flyball, 8RD)
Batting: SHB Jared Jefferson 0-0: Ball
1-0: Called Strike
1-1: Swinging Strike
1-2: SINGLE (Groundball, 4MD)
Batting: SHB Adrián Pueblo 0-0: Fly out, F8 (Line Drive, 8LM)
Batting: RHB Randy Galloway 0-0: Ball
Passed Ball!
Jared Jefferson to second
1-0: Ball
2-0: Called Strike
2-1: Foul Ball, location: 2F
2-2: Foul Ball, location: 2F
2-2: Foul Ball, location: 2F
2-2: Ball
3-2: Ground out 1-3 (Groundball, 23)
Bottom of the 4th over - 0 run(s), 1 hit(s), 0 error(s), 1 left on base; Sacramento 1 - Springfield 0
TOP OF THE 5TH
Sacramento Whitecaps batting - Pitching for Springfield Shooters : RHP Jim Unknown
Batting: RHB Cullen Spencer 0-0: Ball
1-0: Ground out 6-3 (Groundball, 6)
Batting: RHB Young-hwan Hyon 0-0: Ball
1-0: Called Strike
1-1: Fly out, F4 (Popup, 4D)
Batting: RHB Dan Finch 0-0: Ball
1-0: Ball
2-0: Foul Ball, location: 2F
2-1: Fly out, F5 (Line Drive, 5)
Top of the 5th over - 0 run(s), 0 hit(s), 0 error(s), 0 left on base; Sacramento 1 - Springfield 0
BOTTOM OF THE 5TH
Springfield Shooters batting - Pitching for Sacramento Whitecaps : RHP Jim Unknown
Batting: RHB Michael Hicks 0-0: Ball
1-0: Ball
2-0: Ball
3-0: Called Strike
3-1: Foul Ball, location: 2F
3-2: Strikes out swinging
Batting: RHB Bruce Reiser 0-0: Foul Ball, location: 2F
0-1: Ball
1-1: Ball
2-1: Fly out, F8 (Flyball, 8LD)
Batting: RHB Bob Wilson 0-0: Ball
1-0: Foul Ball, location: 2F
1-1: Ball
2-1: Ball
3-1: Foul Ball, location: 2F
3-2: Base on Balls
Batting: SHB Tom Montgomery 0-0: Ball
1-0: Foul Ball, location: 2F
1-1: Fly out, F7 (Flyball, 7M)
Bottom of the 5th over - 0 run(s), 0 hit(s), 0 error(s), 1 left on base; Sacramento 1 - Springfield 0
TOP OF THE 6TH
Sacramento Whitecaps batting - Pitching for Springfield Shooters : RHP Jim Unknown
Batting: LHB Lance Schiffer 0-0: Ball
1-0: Swinging Strike
1-1: Ground out 3-1 (Groundball, 3)
Batting: RHB Bill McCarty 0-0: Foul Ball, location: 2F
0-1: Swinging Strike
0-2: Ball
1-2: Ball
2-2: Foul Ball, location: 2F
2-2: Strikes out looking
Batting: RHB Tim Little 0-0: Ball
1-0: Called Strike
1-1: Ball
2-1: Ball
3-1: Ground out 1-3 (Groundball, 13S)
Top of the 6th over - 0 run(s), 0 hit(s), 0 error(s), 0 left on base; Sacramento 1 - Springfield 0
BOTTOM OF THE 6TH
Springfield Shooters batting - Pitching for Sacramento Whitecaps : RHP Jim Unknown
Batting: RHB Tom Potts 0-0: Foul Ball, location: 2F
0-1: Ball
1-1: Called Strike
1-2: Foul Ball, location: 2F
1-2: Fly out, F6 (Line Drive, 6)
Batting: RHB Jim Unknown 0-0: Called Strike
0-1: Ball
1-1: Ground out 6-3 (Groundball, 6M)
Batting: SHB Jared Jefferson 0-0: Ball
1-0: Ball
2-0: Ball
3-0: Fly out, F9 (Flyball, 89S)
Bottom of the 6th over - 0 run(s), 0 hit(s), 0 error(s), 0 left on base; Sacramento 1 - Springfield 0
TOP OF THE 7TH
Sacramento Whitecaps batting - Pitching for Springfield Shooters : RHP Jim Unknown
Batting: LHB Guy Riley 0-0: Ball
1-0: Called Strike
1-1: Ground out 5-3 (Groundball, 5S)
Batting: RHB Jeffery Campbell 0-0: Ball
1-0: Ball
2-0: Ball
3-0: Called Strike
3-1: Base on Balls
Pinch Runner at 1st Bartolo Benítez:
Batting: LHB Mario Cruz 0-0: Ball
Bartolo Benítez is caught stealing 2nd base
1-0: Ground out 3-6 (Groundball, 3)
Top of the 7th over - 0 run(s), 0 hit(s), 0 error(s), 0 left on base; Sacramento 1 - Springfield 0
BOTTOM OF THE 7TH
Springfield Shooters batting - Pitching for Sacramento Whitecaps : RHP Jim Unknown
Now in LF: Bartolo Benítez
Batting: SHB Adrián Pueblo 0-0: Swinging Strike
0-1: Ball
1-1: Ball
2-1: Ball
3-1: Ground out 5-3 (Groundball, 56S)
Batting: RHB Randy Galloway 0-0: Ball
1-0: Foul Ball, location: 2F
1-1: Fly out, F9 (Flyball, 89D)
Batting: RHB Michael Hicks 0-0: Ball
1-0: Ball
2-0: Called Strike
2-1: Called Strike
2-2: Ball
3-2: Strikes out swinging
Bottom of the 7th over - 0 run(s), 0 hit(s), 0 error(s), 0 left on base; Sacramento 1 - Springfield 0
TOP OF THE 8TH
Sacramento Whitecaps batting - Pitching for Springfield Shooters : RHP Jim Unknown
Batting: RHB Cullen Spencer 0-0: Foul Ball, location: 2F
0-1: Ball
1-1: Ball
2-1: Swinging Strike
2-2: Fly out, F6 (Line Drive, 6M)
Batting: RHB Young-hwan Hyon 0-0: Foul Ball, location: 2F
0-1: Ball
1-1: Called Strike
1-2: Ball
2-2: Ground out 6-3 (Groundball, 6M)
Batting: RHB Dan Finch 0-0: Ball
1-0: Called Strike
1-1: Swinging Strike
1-2: Strikes out swinging
Top of the 8th over - 0 run(s), 0 hit(s), 0 error(s), 0 left on base; Sacramento 1 - Springfield 0
BOTTOM OF THE 8TH
Springfield Shooters batting - Pitching for Sacramento Whitecaps : RHP Jim Unknown
Batting: RHB Bruce Reiser 0-0: Called Strike
0-1: Fly out, F8 (Flyball, 8LM)
Batting: RHB Bob Wilson 0-0: Called Strike
0-1: Ball
1-1: Fly out, F5 (Popup, 15)
Batting: SHB Tom Montgomery 0-0: Called Strike
0-1: Called Strike
0-2: Fly out, F3 (Popup, 3SF)
Bottom of the 8th over - 0 run(s), 0 hit(s), 0 error(s), 0 left on base; Sacramento 1 - Springfield 0
TOP OF THE 9TH
Sacramento Whitecaps batting - Pitching for Springfield Shooters : RHP Jim Unknown
Pitching: RHP Jim Unknown
Batting: LHB Lance Schiffer 0-0: Fly out, F8 (Flyball, 78M)
Batting: RHB Bill McCarty 0-0: Called Strike
0-1: Foul Ball, location: 2F
0-2: Ball
1-2: Strikes out swinging
Batting: RHB Tim Little 0-0: Swinging Strike
0-1: Called Strike
0-2: Ground out 4-3 (Groundball, 4)
Top of the 9th over - 0 run(s), 0 hit(s), 0 error(s), 0 left on base; Sacramento 1 - Springfield 0
BOTTOM OF THE 9TH
Springfield Shooters batting - Pitching for Sacramento Whitecaps : RHP Jim Unknown
Pitching: RHP Jim Unknown
Batting: RHB Tom Potts 0-0: Fly out, F7 (Popup, 6D)
Pinch Hitting: SHB Ramón Morales 0-0: Foul Ball, location: 2F
0-1: Ground out 4-3 (Groundball, 4)
Batting: SHB Jared Jefferson 0-0: Swinging Strike
0-1: Foul Ball, location: 2F
0-2: Ball
1-2: Foul Ball, location: 2F
1-2: Ball
2-2: Strikes out looking
Bottom of the 9th over - 0 run(s), 0 hit(s), 0 error(s), 0 left on base; Sacramento 1 - Springfield 0
This league is powered by Out of the Park Baseball, the baseball management simulation game for PC, Mac and Linux
Friday, January 22nd, 2016 - OOTP Baseball 16.9 Build 39